 Dungeon Crawl Stone Soup version 0.30.1 (webtiles) character file.

Game seed: 6954894177505720482

876 boopmooplesden the Poker (level 7, 0/57 HPs)
             Began as a Demonspawn Berserker on July 9, 2023.
             Was a Believer of Trog.
             Slain by an orc
             ... wielding a +0 flail
              (7 damage)
             ... on level 5 of the Dungeon.
             The game lasted 00:05:01 (3491 turns).

boopmooplesden the Poker (Demonspawn Berserker)     Turns: 3491, Time: 00:05:01

Health: 0/57       AC: 18    Str: 20    XL:     7   Next: 74%
Magic:  7/7        EV:  6    Int:  8    God:    Trog [**....]
Gold:   36         SH:  0    Dex: 12    Spells: 6/6 levels left

rFire   . . .        k - +1 spear (heavy)
rCold   . . .        (no shield)
rNeg    . . .        i - +0 plate armour
rPois   .            p - +0 helmet
rElec   .            n - +0 cloak
rCorr   .            (no gloves)
SInv    .            c - +1 pair of boots
Will    .....        (no amulet) Stlth
                     (no ring)
HPRegen 0.29/turn    (no ring)
MPRegen 0.10/turn

%: no passive effects
@: on berserk cooldown, hasted and slowed
A: rugged brown scales 2, ignite blood 1
a: Renounce Religion, Berserk, Trog's Hand


You were on level 5 of the Dungeon.
You worshipped Trog.
Trog was pleased with you.
You visited 1 branch of the dungeon, and saw 5 of its levels.

You collected 174 gold pieces.
You spent 138 gold pieces at shops.

Inventory:

Hand Weapons
 a - a +1 vampiric spear
 d - a +2 spectral quarterstaff
 k - a +1 heavy spear (weapon)
 s - the +2 rapier "Tiogosch" {flame, *Rage rPois Will+}
   (You found it on level 2 of the Dungeon)

   rPois:     It protects you from poison.
   *Rage:     It berserks you when you make melee attacks (+20% chance).
   Will:      It increases your willpower.
Armour
 b - a +0 animal skin
 c - a +1 pair of boots (worn)
 i - a +0 plate armour (worn)
 n - a +0 cloak (worn)
 p - a +0 helmet (worn)
Jewellery
 q - a ring of magical power
Scrolls
 e - 2 scrolls of fear
 t - a scroll of identify
Potions
 f - 2 potions of might
 g - 2 potions of curing {unknown}
 h - a potion of brilliance {unknown}
 j - 2 potions of attraction {unknown}
 l - a potion of mutation {unknown}
 m - a potion of cancellation {unknown}
 o - 4 potions of flight {unknown}
 r - 2 potions of haste
 u - 2 potions of resistance {unknown}


   Skills:
 + Level 4.6 Fighting
 + Level 6.1 Polearms
 + Level 4.5 Armour
 + Level 2.3 Dodging
 + Level 1.5 Stealth


You had 6 spell levels left.
You didn't know any spells.
Your spell library was empty.

Dungeon Overview and Level Annotations

Branches:
Dungeon (5/15)
 Temple: D:4-7

Altars:
Kikubaaqudgha

Shops:
D:4 [[[*!


Innate Abilities, Weirdness & Mutations

You are mostly covered in rugged brown scales. (AC +2, +5% HP)
Your demonic aura sometimes causes spilled blood to erupt in flames.


Message History

You puncture the gnoll!
The gnoll is almost dead.
The gnoll hits you with a +0 flail. The gnoll hits you but does no damage.
The orc hits you but does no damage. The gnoll hits you but does no damage.
You impale the gnoll!!
You kill the gnoll!
Trog accepts your kill. The gnoll barely misses you.
The gnoll hits you with a +0 flail.
You puncture the gnoll!
You kill the gnoll!
Trog accepts your kill.
You are no longer berserk.
You are exhausted.
You feel yourself slow down. The orc hits you but does no damage.
The gnoll attacks as you move away! The gnoll hits you with a +0 flail.
The gnoll hits you but does no damage. The orc hits you with a +0 flail.
The gnoll hits you with a +0 flail. x2; The orc barely misses you.
Items here: ))) ††.
You hit the gnoll.
The gnoll is moderately wounded.
The gnoll hits you but does no damage. x2; The orc hits you with a +0 flail.
The gnoll hits you but does no damage. The gnoll barely misses you.
You hit the gnoll. You punch the gnoll.
The gnoll is severely wounded.
The orc hits you with a +0 flail.
The gnoll hits you but does no damage. x2
The orc hits you but does no damage. The gnoll hits you with a +0 flail.
The gnoll hits you but does no damage.
You hit the gnoll.
The gnoll is almost dead.
The orc hits you but does no damage. The gnoll hits you with a +0 flail!
* * * LOW HITPOINT WARNING * * *
The gnoll closely misses you. The orc hits you with a +0 flail.
* * * LOW HITPOINT WARNING * * *
The gnoll hits you but does no damage.
It was a potion of haste.
You feel yourself speed up. The gnoll hits you but does no damage.
The orc closely misses you. The gnoll hits you but does no damage.
The gnoll hits you with a +0 flail.
* * * LOW HITPOINT WARNING * * *
The orc hits you with a +0 flail!
You die...

......#......#.....#
......#......#.....#
......##.....##....#
.......#.....##....#
.......#...........#
.......'.†.........#
.......#...........#
.......#.......gg○.#
.......########o@..#
......## #○...#
......# ......#
...... ........#
...... ......$...#
..........#
##+###....# #....#


You could see 2 gnolls and an orc.

Vanquished Creatures
  Menkaure (D:4)
  An ogre (D:4)
  3 phantoms
  2 scorpions
  A gnoll bouda (D:5)
  3 hounds
  An orc priest (D:4)
  An iguana (D:5)
  6 gnolls
  4 adders
  2 dart slugs
  5 orcs (D:4)
  6 ball pythons
  3 endoplasms
  3 giant cockroaches
  6 goblins
  A hobgoblin (D:3)
  4 jackals (D:3)
  3 kobolds
  2 quokkas (D:1)
  3 frilled lizards
  6 rats
67 creatures vanquished.

Notes
Turn   | Place    | Note
-------+----------+-------------------------------------------
     0 | D:1      | boopmooplesden the Demonspawn Berserker began the quest for
                  | the Orb.
     0 | D:1      | Reached XP level 1. HP: 18/18 MP: 1/1
   368 | D:1      | Gained mutation: Your demonic aura sometimes causes spilled
                  | blood to erupt in flames. [demonic ancestry]
   368 | D:1      | Reached XP level 2. HP: 24/24 MP: 2/2
  1047 | D:2      | Reached skill level 3 in Polearms
  1151 | D:2      | Reached XP level 3. HP: 29/29 MP: 3/3
  1294 | D:2      | Identified the +2 rapier "Tiogosch" {flame, *Rage rPois
                  | Will+}
  1540 | D:2      | Gained mutation: You are partially covered in rugged brown
                  | scales. (AC +1, +3% HP) [demonic ancestry]
  1540 | D:2      | Reached XP level 4. HP: 23/38 MP: 4/4
  1710 | D:3      | Reached ** piety under Trog
  1768 | D:3      | Found an ancient bone altar of Kikubaaqudgha.
  2183 | D:4      | Found Worirhil's Armour Shop.
  2191 | D:4      | Bought a +1 pair of boots for 138 gold pieces
  2273 | D:4      | Reached XP level 5. HP: 43/43 MP: 5/5
  2287 | D:4      | Found Zuxixzeji's General Store.
  2349 | D:4      | Found Qyray's Antique Armour Shop.
  2396 | D:4      | Found Jociax's Armour Shop.
  2396 | D:4      | Noticed a phantom
  2409 | D:4      | Killed a phantom
  2410 | D:4      | Reached skill level 4 in Polearms
  2417 | D:4      | Noticed an ogre
  2425 | D:4      | Killed an ogre
  2426 | D:4      | Gained mutation: You are mostly covered in rugged brown
                  | scales. (AC +2, +5% HP) [demonic ancestry]
  2426 | D:4      | Reached XP level 6. HP: 7/50 MP: 6/6
  2733 | D:4      | Found a transporter.
  2733 | D:4      | Found Enot's Distillery.
  2758 | D:4      | Reached skill level 5 in Polearms
  2931 | D:4      | Found a transporter.
  3012 | D:4      | Noticed Menkaure
  3019 | D:4      | Killed Menkaure
  3020 | D:4      | Reached XP level 7. HP: 36/57 MP: 7/7
  3161 | D:5      | Entered Level 5 of the Dungeon
  3360 | D:5      | Reached skill level 6 in Polearms
  3478 | D:5      | Reached skill level 1 in Stealth
  3491 | D:5      | Slain by an orc

Illustrated notes

Levels and vault maps discovered:
D:1:      minmay_arrival_four_houses, layout_loops_ring, serial_aquarium,
          aquarium_bridge_straight [aquarium_subvault_bridge,
          aquarium_subvault_window, aquarium_subvault_bridge,
          aquarium_subvault_window], aquarium_bridge_long_joined
          [aquarium_subvault_wall, aquarium_subvault_window,
          aquarium_subvault_window, aquarium_subvault_wall,
          aquarium_subvault_wall, aquarium_subvault_bridge], aquarium_window_2,
          aquarium_window_2, aquarium_view_2d, aquarium_balcony_double_1,
          aquarium_pool_split
D:2:      layout_basic, serial_bayou_pond_c, minmay_surrounded
D:3:      layout_rooms, kiku_gazebo_pond_becter
D:4:      layout_cave_pools, serial_shops, nicolae_shop_drivethru,
          nicolae_shop_window_shopping, shop, nicolae_shop_hallway_stairs,
          shop_statue, uniq_menkaure
D:5:      layout_gridville, mainiacjoe_overflow_brackets,
          minmay_temple_entry_mist

Skill      XL: |  1  2  3  4  5  6  7 |
---------------+----------------------+-----
Armour         | 2 3 4 |  4.5
Polearms       | 3 4 5 6 |  6.1
Dodging        | 2 |  2.3
Fighting       | 4 |  4.6
Stealth        | 1 |  1.5

Action                     |  1- 3 |  4- 6 |  7- 9 || total
---------------------------+-------+-------+-------++-------
  Melee: Spear             |    71 |    93 |    57 ||   221
         Punch             |       |       |     1 ||     1
 Invoke: Berserk           |     1 |     2 |     1 ||     4
    Use: Scroll            |     1 |     5 |       ||     6
         Potion            |       |       |     1 ||     1
   Stab: Sleeping          |     1 |       |       ||     1
         Distracted        |       |     1 |       ||     1
 Armour: Animal skin       |    10 |       |       ||    10
         Plate armour      |    40 |   100 |    71 ||   211
  Dodge: Dodged            |    22 |    40 |    23 ||    85
